[Event "*** Titled Tuesday Blitz"]
[Site "Chess.com"]
[Date "2019.04.02"]
[Round "3"]
[White "Zavgorodniy_Serg"]
[Black "Tiqr777"]
[Result "0-1"]
[WhiteElo "2460"]
[BlackElo "2641"]
[TimeControl "180+2"]
[EndTime "14:34:34 PDT"]
[Termination "Tiqr777 won by resignation"]

1. e4 e5 2. Nf3 Nc6 3. Bb5 a6 4.
Bxc6 dxc6 5. O-O Bg4 6. h3 Bxf3 7. Qxf3 Nf6 8. d3 h6 9. Qg3 Qe7 10. f4 Nh5 11. Qg4 Nxf4 12. Bxf4 exf4 13. Rxf4 g5 14. Rf2 Bg7 15. c3 Qe6 16. Qxe6+ fxe6 17. d4 Ke7 18. Nd2 Rhf8 19. Raf1 Rxf2 20. Rxf2 Rd8 21.
Nb3 b6 22. Rd2 Rf8 23. Rf2 Rd8 24. Kf1 a5 25. a4 e5 26. Rd2 exd4 27. Nxd4 Bxd4 28.
cxd4 c5 29. d5 Kd6 30. Ke2 Ke5 31. Kd3 Rf8 32. Re2 Rf4 33. g3 c4+ 0-1

[Event "*** Titled Tuesday Blitz"]
[Site "Chess.com"]
[Date "2019.04.02"]
[Round "3"]
[White "sergeikim"]
[Black "Kirill_Klukin"]
[Result "1-0"]
[WhiteElo "2580"]
[BlackElo "2591"]
[TimeControl "180+2"]
[EndTime "14:34:35 PDT"]
[Termination "sergeikim won by resignation"]

1. d4 Nf6 2. c4 Nc6 3. Nc3 e6 4. a3 d6 5. g3 g6 6. Bg2 Bg7 7. e3 O-O 8. Nge2 e5 9. O-O h5 10. h3 Bf5 11. d5 Ne7 12. e4 Bd7 13. Be3 Nh7 14. Qd2 c5 15. dxc6 Bxc6 16. Bh6 Qb6 17. Bxg7 Kxg7 18. Qxd6 Rfe8 19. Qb4 Qc7 20. Nd5 Bxd5 21.
cxd5 a5 22. Qd2 Red8 23. Rac1 Qb6 24. Nc3 Nf6 25. Qg5 Qd6 26. Nb5 Qb8 27. Nc7 Ra7 28.
Qxe5 Ng8 29. d6 b5 30. Rfd1 Rb7 31. Qd4 Kh7 32. e5 Nd7 33. Bxb7 1-0

[Event "*** Titled Tuesday Blitz"]
[Site "Chess.com"]
[Date "2019.04.02"]
[Round "3"]
[White "GrigorGrigorov"]
[Black "StephenDedalus83"]
[Result "1-0"]
[WhiteElo "2717"]
[BlackElo "2652"]
[TimeControl "180+2"]
[EndTime "14:34:39 PDT"]
[Termination "GrigorGrigorov won by resignation"]

1. Nf3 c5 2. c4 Nc6 3. e3 e5 4.
Nc3 Nf6 5. d4 e4 6. d5 exf3 7.
dxc6 fxg2 8. cxd7+ Qxd7 9. Qxd7+ Bxd7 10. Bxg2 O-O-O 11. b3 Bd6 12. Bb2 Rhe8 13. O-O-O Be5 14. h3 Kc7 15. Rd2 Bxc3 16. Bxc3 Bc6 17. Bxc6 Kxc6 18.
Bxf6 gxf6 19. Rxd8 Rxd8 20. Rg1 f5 21. Rg7 f4 22.
Rxf7 fxe3 23. fxe3 Rd3 24. Re7 b5 25. Kc2 bxc4 26.
bxc4 Ra3 27. Kb2 Rd3 28. Rxa7 Rxe3 29. Rxh7 Re4 30. Kb3 Re3+ 31. Ka4 Re2 32. Rh6+ Kc7 33. Kb5 Rxa2 34. Kxc5 Ra5+ 35. Kb4 Rg5 36. h4 Rg4 37.
h5 Rg5 38. Rh8 Kb7 39. h6 Rh5 40. h7 Ka7 41. c5 Kb7 42. c6+ Kc7 43. Ra8 Rh4+ 44.
Kb3 Rh3+ 45. Kc2 Rh2+ 46. Kd3 Rxh7 47. Ra7+ 1-0

[Event "*** Titled Tuesday Blitz"]
[Site "Chess.com"]
[Date "2019.04.02"]
[Round "3"]
[White "KarstenHansch"]
[Black "sere99"]
[Result "0-1"]
[WhiteElo "2298"]
[BlackElo "2279"]
[TimeControl "180+2"]
[EndTime "14:34:40 PDT"]
[Termination "sere99 won by resignation"]

1. e4 c6 2. d4 d5 3. e5 Bf5 4. h4 h5 5. Bd3 Bxd3 6. Qxd3 e6 7. Bg5 Qb6 8. Nd2 c5 9. c4 Qxb2 10. Rd1 Nc6 11. cxd5 exd5 12. e6 Nxd4 13. Ne2 Qc2 14. Qa3 Nxe2 15. Kxe2 fxe6 16. Rc1 Qf5 17. Qa4+ Kf7 18. Rh3 Nf6 19. Rf3 Qg4 20. Qd7+ Be7 21. Rxc5 Qxf3+ 22. Nxf3 Nxd7 23. Rc7 Bxg5 24. Rxd7+ 0-1

[Event "*** Titled Tuesday Blitz"]
[Site "Chess.com"]
[Date "2019.04.02"]
[Round "3"]
[White "Genghis_K"]
[Black "SoltaniciR"]
[Result "1-0"]
[WhiteElo "2861"]
[BlackElo "2600"]
[TimeControl "180+2"]
[EndTime "14:34:46 PDT"]
[Termination "Genghis_K won by resignation"]

1. d4 Nf6 2. Nf3 e6 3. Bf4 b6 4. e3 Bb7 5. Nbd2 Be7 6. h3 O-O 7. Bd3 c5 8. O-O Nc6 9. c3 Re8 10. Qe2 d6 11. Rad1 cxd4 12. exd4 Bf8 13. Rfe1 Rc8 14.
Bg5 Be7 15. Ne4 Nxe4 16. Qxe4 g6 17. Bxe7 Qxe7 18. Qf4 Qf8 19. Ng5 d5 20. Re3 Qg7 21.
Rde1 h6 22. Nf3 Na5 23. h4 Nc4 24. Bxc4 dxc4 25. Ne5 b5 26. Nd7 Red8 27. Nf6+ Kh8 28. g4 a6 29. g5 h5 30. f3 Bd5 31. Kf2 a5 32. Kg3 b4 33. Re5 bxc3 34. bxc3 Rb8 35.
Nxd5 exd5 36. Rxd5 Re8 37. Rxe8+ Rxe8 38. Rxa5 1-0

[Event "*** Titled Tuesday Blitz"]
[Site "Chess.com"]
[Date "2019.04.02"]
[Round "3"]
[White "GMJimKnopf"]
[Black "BasilSmash"]
[Result "1-0"]
[WhiteElo "2530"]
[BlackElo "2442"]
[TimeControl "180+2"]
[EndTime "14:34:46 PDT"]
[Termination "GMJimKnopf won by resignation"]

1. e4 c6 2. d4 d5 3. exd5 cxd5 4. c4 Nf6 5. Nc3 Nc6 6. cxd5 Nxd5 7. Bb5 g6 8. h4 Bg7 9. h5 Be6 10. Nf3 Bg4 11. h6 Bf6 12. Qb3 Bxf3 13. gxf3 Nxc3 14. bxc3 O-O 15. Bxc6 bxc6 16. f4 Rb8 17. Qc4 Qd5 18. Qxd5 cxd5 19. Ba3 Rb5 20. Kd2 Rfb8 21. Kd3 Kf8 22.
Bb4 Rxb4 23. cxb4 Rxb4 24. Rab1 Rxd4+ 25. Ke3 Ke8 26. Rb8+ Kd7 27. Rg8 Ra4 28. Rg7 Ra3+ 29. Ke2 Rxa2+ 30. Kf3 Bd4 31. Rxf7 Rxf2+ 32. Kg3 Rb2 33.
Rxh7 Ke6 34. Re1+ Kf5 35. Rf7+ Bf6 36. h7 Rb3+ 37. Kg2 Rb2+ 38. Kg1 Rb8 39. Rexe7 d4 40.
Re5+ Kxf4 41. Re6 Kg3 42. Rexf6 1-0

[Event "*** Titled Tuesday Blitz"]
[Site "Chess.com"]
[Date "2019.04.02"]
[Round "3"]
[White "Roenko_Artur"]
[Black "Orest_Vovk"]
[Result "0-1"]
[WhiteElo "2271"]
[BlackElo "2329"]
[TimeControl "180+2"]
[EndTime "14:34:48 PDT"]
[Termination "Orest_Vovk won on time"]

1. e4 g5 2. d4 Bg7 3. Be3 c5 4. c3 Qb6 5. Qb3 Qxb3 6. axb3 cxd4 7. cxd4 Nc6 8. e5 d6 9. Bxg5 Nxd4 10. Na3 Nxb3 11. Rd1 Bxe5 12. Nb5 Kf8 13. Bc4 Nc5 14. b4 Ne6 15. Be3 a6 16. Na3 Bc3+ 17. Kf1 Bxb4 18. Nc2 Bc5 19. Bd2 Nf6 20. Bh6+ Ke8 21.
Nf3 Bxf2 22. h3 Bc5 23. g4 Ne4 24. Kg2 Nf2 25. Bd5 Nxh1 26. Kxh1 Rb8 27. Ra1 Bd7 28. Rb1 b5 29. Nh4 Nc7 30. Nf5 Bxf5 0-1

[Event "*** Titled Tuesday Blitz"]
[Site "Chess.com"]
[Date "2019.04.02"]
[Round "3"]
[White "Fy_Rakotomaharo"]
[Black "Zarikovs1999"]
[Result "1-0"]
[WhiteElo "2622"]
[BlackElo "2453"]
[TimeControl "180+2"]
[EndTime "14:34:50 PDT"]
[Termination "Fy_Rakotomaharo won by resignation"]

1. d4 Nf6 2. c4 c5 3. dxc5 e6 4. Nc3 Bxc5 5. Nf3 Nc6 6. a3 a5 7. e3 d5 8. cxd5 exd5 9. Bb5 O-O 10. O-O h6 11. Nd4 Nxd4 12. exd4 Bd6 13. h3 Bf5 14.
Qf3 Be4 15. Nxe4 Nxe4 16. Bf4 Qf6 17. Bxd6 Qxf3 18. gxf3 Nxd6 19. Bd3 Rad8 20. Rac1 Rc8 21. Rc5 b6 22. Rxd5 Rfd8 23. Re1 Kf8 24. Rde5 Ne8 25. R5e4 Nf6 26. Rf4 Rd6 27. Rd1 Rcd8 28. Bc4 Nd5 29. Rf5 Ne7 30. Rxf7+ Ke8 31. Re1 Re6 1-0

[Event "*** Titled Tuesday Blitz"]
[Site "Chess.com"]
[Date "2019.04.02"]
[Round "3"]
[White "JoachimMouhamad"]
[Black "Phurba13"]
[Result "0-1"]
[WhiteElo "2334"]
[BlackElo "2247"]
[TimeControl "180+2"]
[EndTime "14:34:50 PDT"]
[Termination "Phurba13 won by resignation"]

1. e4 e5 2. Nf3 Nc6 3. Bc4 Nf6 4. d3 Bc5 5. O-O d6 6. c3 a6 7. Bb3 Ba7 8. Nbd2 O-O 9. h3 Ne7 10. Re1 Ng6 11. Nf1 h6 12. Ng3 Re8 13. Be3 Bd7 14.
Bxa7 Rxa7 15. d4 Ra8 16. Qc2 Qe7 17. Rad1 Nf4 18. Nf5 Qf8 19. Ng3 Rad8 20. Kh2 Nh7 21. Nf5 g6 22. Ng3 Kg7 23. a4 Qe7 24. a5 Ng5 25. Nxg5 hxg5 26. Ne2 Rh8 27. Nxf4 gxf4 28. f3 Qg5 29. Qf2 Bxh3 30. Kg1 Be6 31. dxe5 Bxb3 32. exd6 Bxd1 33. dxc7 Rd7 34. Qc5 Qxc5+ 0-1

[Event "*** Titled Tuesday Blitz"]
[Site "Chess.com"]
[Date "2019.04.02"]
[Round "3"]
[White "Walter_White_Poland"]
[Black "NemtsevIgor"]
[Result "1-0"]
[WhiteElo "2256"]
[BlackElo "2321"]
[TimeControl "180+2"]
[EndTime "14:34:51 PDT"]
[Termination "Walter_White_Poland won by checkmate"]

1. e4 c6 2. d4 d5 3. Nc3 h6 4. f3 e6 5. Be3 Nf6 6. Qd2 Bb4 7. e5 Nfd7 8. a3 Ba5 9. b4 Bc7 10. Nh3 a5 11. Rb1 axb4 12. axb4 Qe7 13. Bd3 b6 14. O-O h5 15. Bg5 Qf8 16. f4 g6 17.
b5 c5 18. Nxd5 exd5 19. f5 cxd4 20. fxg6 Nxe5 21. Bf6 Nbd7 22. g7 Nxf6 23. gxf8=Q+ Kxf8 24. Rxf6 Ng4 25. Rf4 Bxf4 26. Qxf4 Rg8 27. Rf1 Rg7 28. Qd6+ Kg8 29. Qd8# 1-0

[Event "*** Titled Tuesday Blitz"]
[Site "Chess.com"]
[Date "2019.04.02"]
[Round "3"]
[White "Dedic8"]
[Black "RATNAKARAN"]
[Result "1-0"]
[WhiteElo "2710"]
[BlackElo "2460"]
[TimeControl "180+2"]
[EndTime "14:34:53 PDT"]
[Termination "Dedic8 won by checkmate"]

1. e4 e6 2. d4 d5 3. Nc3 Nf6 4. Bg5 Be7 5. e5 Nfd7 6. h4 h6 7. Bxe7 Qxe7 8. f4 O-O 9. Nf3 c5 10. Qd2 Nc6 11. O-O-O cxd4 12. Nxd4 f6 13. exf6 Qxf6 14.
g3 Nc5 15. Qe3 Nxd4 16. Rxd4 Bd7 17. b4 Na6 18. Bd3 Rac8 19. Kb2 Rc7 20. a3 Rfc8 21. Nb1 Nb8 22. b5 Bxb5 23. Bxb5 Rxc2+ 24. Kb3 Nc6 25. Bxc6 R8xc6 26. Rhd1 Qd8 27. Rb4 Qc7 28. Qxa7 Rc1 29.
Rxc1 Rxc1 30. Ka2 Rc2+ 31. Rb2 Qc4+ 32. Ka1 Rxb2 33. Kxb2 Qe2+ 34. Kb3 Qd1+ 35. Kb2 Qe2+ 36. Ka1 Qd3 37. Qxb7 Qxg3 38. Qc8+ Kf7 39. Qd7+ Kf6 40.
Qd6 Qxh4 41. Qe5+ Kf7 42. Nc3 Qh1+ 43. Kb2 h5 44. f5 Qg2+ 45. Kb3 exf5 46. Qxf5+ Kg8 47.
Nxd5 Qg3+ 48. Kb4 h4 49. Ne7+ Kh8 50. Qh5# 1-0

[Event "*** Titled Tuesday Blitz"]
[Site "Chess.com"]
[Date "2019.04.02"]
[Round "3"]
[White "Blitzstream"]
[Black "Chess_for_enjoy"]
[Result "1-0"]
[WhiteElo "2678"]
[BlackElo "2528"]
[TimeControl "180+2"]
[EndTime "14:34:55 PDT"]
[Termination "Blitzstream won by resignation"]

1. e4 e6 2. d4 d5 3. Nd2 c5 4.
exd5 exd5 5. Ngf3 Nf6 6. Bb5+ Bd7 7. Bxd7+ Nbxd7 8. O-O Be7 9. dxc5 Nxc5 10. b3 O-O 11.
Bb2 Re8 12. Ne5 Qc7 13. Ndf3 Rad8 14. Re1 Nce4 15. Nd3 Bd6 16. h3 a6 17. a4 Re7 18.
a5 Rde8 19. Bd4 h6 20. Qc1 Rc8 21. Re2 Rce8 22. Qb2 Re6 23. Bb6 Qc8 24. Nd4 R6e7 25. Rae1 Nc5 26. Rxe7 Rxe7 27. Rxe7 Bxe7 28. Qc3 Nfe4 29.
Qe1 Bf6 30. Nxc5 Nxc5 31. Qc3 Bxd4 32. Qxd4 Ne6 33. Qxd5 Qxc2 34. Qxb7 Qc1+ 35. Kh2 Qf4+ 36. g3 Qb4 37. Qxa6 Qxb3 38. Qb7 Ng5 39. Kg2 Qe6 40. h4 Qh3+ 41. Kg1 Ne6 42. a6 Qg4 43. a7 1-0

[Event "*** Titled Tuesday Blitz"]
[Site "Chess.com"]
[Date "2019.04.02"]
[Round "3"]
[White "Thee-Chessboy"]
[Black "adriangschnitzer"]
[Result "0-1"]
[WhiteElo "2395"]
[BlackElo "2403"]
[TimeControl "180+2"]
[EndTime "14:34:55 PDT"]
[Termination "adriangschnitzer won by resignation"]

1. d4 Nf6 2. c4 c5 3. d5 b5 4. Qc2 b4 5. e4 d6 6. a3 bxa3 7.
bxa3 g6 8. Bb2 Bg7 9. Nf3 O-O 10.
Be2 Nbd7 11. O-O Rb8 12. Ra2 Ba6 13. Qa4 Rb6 14. Nbd2 Qc7 15. Bc3 Qb7 16. Ba5 Nh5 17. Bxb6 Nxb6 18. Qc2 Nf4 19. Bd3 Qd7 20. a4 Qg4 21. g3 Nxd3 22. Qxd3 Nxc4 23. Nxc4 Bxc4 24. Qxc4 Qxf3 25. Rb1 Bd4 26. Qe2 Qf6 27. Rb7 a5 28. Ra3 Bc3 29. Rab3 Bb4 30. Kg2 e6 31. Rf3 Qe5 32.
dxe6 Qxe6 33. Rb6 Re8 34. Rd3 c4 35. Rd4 Bc5 0-1

[Event "*** Titled Tuesday Blitz"]
[Site "Chess.com"]
[Date "2019.04.02"]
[Round "3"]
[White "nurgyulsalimova"]
[Black "Vamostodorecto"]
[Result "1-0"]
[WhiteElo "2497"]
[BlackElo "2501"]
[TimeControl "180+2"]
[EndTime "14:34:59 PDT"]
[Termination "nurgyulsalimova won by resignation"]

1. e4 e5 2. Nf3 Nc6 3. Bc4 Bc5 4. O-O d6 5. c3 Bb6 6. a4 a5 7. Re1 Qf6 8. d3 h6 9. Be3 Bxe3 10. fxe3 g5 11. Rf1 Qg7 12. Na3 Nge7 13. Nb5 Kd8 14. Qb3 f6 15. d4 Ng6 16. Rad1 g4 17. Ne1 g3 18. h3 Nf8 19. Bd5 Bd7 20. dxe5 Nxe5 21.
Nd4 Rb8 22. Nd3 Qg5 23. Nf4 Kc8 24. Be6 Nxe6 25. Ndxe6 Qg8 26. Qd5 Rh7 27. Nxc7 Kxc7 28. Qxd6+ Kc8 29. Nd5 Qd8 30. Nb6+ Qxb6 31. Qxb6 1-0

[Event "*** Titled Tuesday Blitz"]
[Site "Chess.com"]
[Date "2019.04.02"]
[Round "3"]
[White "lucasran"]
[Black "jlandaw"]
[Result "1-0"]
[WhiteElo "2401"]
[BlackElo "2407"]
[TimeControl "180+2"]
[EndTime "14:34:59 PDT"]
[Termination "lucasran won by resignation"]

1. c4 e5 2. g3 Nc6 3. Bg2 g6 4. Nc3 Bg7 5. e3 d6 6. Nge2 Nge7 7. O-O Be6 8. Nd5 Rb8 9. Nec3 O-O 10. d3 f5 11. Rb1 g5 12. f4 exf4 13. gxf4 g4 14.
b4 Ng6 15. b5 Na5 16. Bd2 c6 17. Nb4 Qc7 18. Qa4 Nh4 19. Bh1 Rfe8 20. bxc6 Bxc4 21.
dxc4 Nxc4 22. Nbd5 Qxc6 23. Ne7+ Rxe7 24. Bxc6 Nxd2 25.
Nd5 Re4 26. Qxa7 Rf8 27. Rxb7 Nhf3+ 28. Kg2 Bh8 29. Ne7+ 1-0

[Event "*** Titled Tuesday Blitz"]
[Site "Chess.com"]
[Date "2019.04.02"]
[Round "3"]
[White "vovachesss"]
[Black "Chessmatus"]
[Result "1-0"]
[WhiteElo "2528"]
[BlackElo "2347"]
[TimeControl "180+2"]
[EndTime "14:35:01 PDT"]
[Termination "vovachesss won by resignation"]

1. e4 c5 2. d4 cxd4 3. c3 dxc3 4. Nxc3 d6 5. Nf3 e6 6. Bc4 Nf6 7. O-O Nc6 8. Qe2 Be7 9. Rd1 e5 10. h3 O-O 11. Bg5 Be6 12. Bxf6 Bxf6 13. Bd5 Rc8 14.
Rd2 Be7 15. Rad1 Qa5 16. a3 a6 17. Qe3 b5 18. b4 Qc7 19. Bxe6 fxe6 20. Ne2 a5 21.
Qb3 Rf6 22. bxa5 Qxa5 23. Rc2 Na7 24. Rdc1 Rxc2 25. Rxc2 Qd8 26. Nc3 Qb6 27. Rb2 Rf4 28. Qxe6+ Rf7 29. Nd5 Qb7 30. Rc2 Bd8 31. Qxd6 Bf6 32.
Nxe5 Bxe5 33. Qxe5 Nc6 34. Qe8+ 1-0

[Event "*** Titled Tuesday Blitz"]
[Site "Chess.com"]
[Date "2019.04.02"]
[Round "3"]
[White "peteseeger"]
[Black "vgyogi"]
[Result "1/2-1/2"]
[WhiteElo "2191"]
[BlackElo "2131"]
[TimeControl "180+2"]
[EndTime "14:35:02 PDT"]
[Termination "Game drawn by agreement"]

1. e4 c5 2. Nf3 g6 3. c4 Nc6 4. d4 cxd4 5. Nxd4 Bg7 6. Be3 Qb6 7. Nb3 Qd8 8. Nc3 Nf6 9. Be2 O-O 10. O-O d6 11. Rc1 a5 12. f3 a4 13. Nd4 Bd7 14.
Ndb5 Qa5 15. Qd2 a3 16. b3 Rfc8 17. Nd5 Qxd2 18. Bxd2 Nxd5 19. cxd5 Ne5 20. Bb4 Bh6 21. Rxc8+ Rxc8 22. Nxa3 Be3+ 23. Kh1 g5 24. Nc4 Nxc4 25. bxc4 Ra8 26. a3 Bc5 27. Bxc5 dxc5 28. Ra1 Ba4 29. Kg1 Bb3 30. Kf2 Ra4 31. Rb1 Rxa3 32. Bd1 Bxd1 33. Rxd1 Rc3 34. Rb1 Rxc4 35. Rxb7 Kf8 36. Kg3 Rc2 37. e5 c4 38. d6 exd6 39. exd6 Rd2 40. Rb8+ Kg7 41. Rc8 Rxd6 42. Rxc4 1/2-1/2

[Event "*** Titled Tuesday Blitz"]
[Site "Chess.com"]
[Date "2019.04.02"]
[Round "3"]
[White "Ar4uha"]
[Black "Davor_Rogic"]
[Result "0-1"]
[WhiteElo "2500"]
[BlackElo "2418"]
[TimeControl "180+2"]
[EndTime "14:35:04 PDT"]
[Termination "Davor_Rogic won by resignation"]

1. e4 c5 2. Nf3 e6 3. d4 cxd4 4.
Nxd4 Nf6 5. Nc3 d6 6. Be2 Be7 7.
O-O O-O 8. Be3 a6 9. f4 Nbd7 10. Bf3 Qc7 11. Qe2 Rb8 12. a4 Re8 13. a5 Bf8 14. g4 e5 15. Nf5 exf4 16. Bxf4 Ne5 17. g5 Nxf3+ 18. Qxf3 Nxe4 19. Nh6+ gxh6 20. Nxe4 Bg7 21.
gxh6 Bxb2 22. c3 Rxe4 23. Qxe4 Bh3 24. Qd4 Qxc3 25. Qxd6 Re8 26. Rae1 Qd4+ 27. Qxd4 Bxd4+ 28. Kh1 Rd8 29. Bc7 Bd7 30. Bxd8 Bc6+ 0-1

[Event "*** Titled Tuesday Blitz"]
[Site "Chess.com"]
[Date "2019.04.02"]
[Round "3"]
[White "FearNoEvil12"]
[Black "1995Tiger"]
[Result "0-1"]
[WhiteElo "2002"]
[BlackElo "2044"]
[TimeControl "180+2"]
[EndTime "14:35:05 PDT"]
[Termination "1995Tiger won by resignation"]

1. e4 e5 2. d4 exd4 3. Bc4 Nc6 4.
Nf3 Bc5 5. O-O Nf6 6. e5 d5 7. Bb5 Ne4 8. Nxd4 Bd7 9. Bxc6 bxc6 10. f3 Ng5 11. f4 Ne4 12. Nc3 Nxc3 13. bxc3 O-O 14.
Be3 Bb6 15. Qd2 c5 16. Ne2 Bc6 17. f5 Re8 18. Bf4 d4 19. c4 Qh4 20. Bg3 Qe4 21. Rf2 Rad8 22. Re1 d3 23. Nf4 dxc2 24. Rxe4 Rxd2 25. Re1 Rxf2 26. Kxf2 Rxe5 27. Rc1 Rxf5 28. Ke3 g5 29. Nd3 Ba4 30. Kd2 Rf6 31. Be5 Re6 32.
Bc3 Rd6 33. Re1 f6 34. Ke2 Kf7 35. Nc1 Kg6 36. Nb3 Bxb3 37. axb3 Re6+ 0-1

[Event "*** Titled Tuesday Blitz"]
[Site "Chess.com"]
[Date "2019.04.02"]
[Round "3"]
[White "1random"]
[Black "area_5"]
[Result "0-1"]
[WhiteElo "2521"]
[BlackElo "2693"]
[TimeControl "180+2"]
[EndTime "14:35:12 PDT"]
[Termination "area_5 won on time"]

1. b4 c6 2. Bb2 a5 3. b5 cxb5 4. e4 b4 5. d4 e6 6. a3 d5 7. e5 Nc6 8. Nf3 Bd7 9. axb4 Bxb4+ 10. c3 Bf8 11. Ba3 Bxa3 12. Nxa3 Nh6 13. Nb5 O-O 14. Nd6 Qc7 15. Rb1 Rfb8 16. Bd3 Ne7 17. O-O Nhf5 18. Bxf5 Nxf5 19. Nxf5 exf5 20. Qb3 Be6 21. Qb6 Qxc3 22. Rfc1 Qd3 23. Rc7 Qa6 24. Qc5 a4 25. Ng5 a3 26. Nxe6 a2 27. Ra1 Qxe6 28. h3 h6 29. Re7 Qc6 30. Qb4 Qc4 31. Qd2 b5 32. e6 fxe6 33. Qf4 Qb4 34. Rd7 Qb1+ 35.
Kh2 Qxa1 36. Qe5 Qxd4 37. Rxg7+ Kh8 38. Qxd4 a1=Q 0-1

[Event "*** Titled Tuesday Blitz"]
[Site "Chess.com"]
[Date "2019.04.02"]
[Round "3"]
[White "cholzan"]
[Black "beatles_22"]
[Result "0-1"]
[WhiteElo "2458"]
[BlackElo "2634"]
[TimeControl "180+2"]
[EndTime "14:35:13 PDT"]
[Termination "beatles_22 won by resignation"]

1. d4 Nf6 2. c4 e6 3. Nc3 Bb4 4. f3 c5 5. d5 b5 6. e4 bxc4 7.
Bxc4 exd5 8. Bxd5 Nxd5 9. Qxd5 Nc6 10. Ne2 O-O 11. O-O Bb7 12. Qh5 Ba6 13. Rd1 Nd4 14.
Nxd4 cxd4 15. Rxd4 Qb6 16. Be3 Bc5 17. Rad1 Bxd4 18.
Bxd4 Qg6 19. Qh3 Bc4 20. f4 f6 21. b3 Ba6 22. f5 Qf7 23. Na4 d6 24. Nc3 Rfe8 25.
Qg3 Rad8 26. Nd5 Kh8 27. Nf4 Rxe4 28. Ne6 Rd7 29. Bc5 Re5 30. Qf3 Qe8 31. Bxd6 Be2 32.
Qc6 Bxd1 33. Bxe5 fxe5 34. Nc5 Rd8 35. f6 0-1

[Event "*** Titled Tuesday Blitz"]
[Site "Chess.com"]
[Date "2019.04.02"]
[Round "3"]
[White "MajorCoast"]
[Black "Komissarov_alex"]
[Result "0-1"]
[WhiteElo "2041"]
[BlackElo "2102"]
[TimeControl "180+2"]
[EndTime "14:35:13 PDT"]
[Termination "Komissarov_alex won on time"]

1. d4 Nf6 2. Nf3 d5 3. c3 Bf5 4. c4 e6 5. Nc3 c6 6. Qb3 Qb6 7. c5 Qc7 8. Bf4 Qc8 9. Nh4 Be4 10. f3 Bg6 11. Nxg6 hxg6 12. e4 Nh5 13. Bg5 Ng3 14. Rg1 Nxf1 15. Rxf1 Rxh2 16. Kf2 Qc7 17. exd5 cxd5 18.
Rae1 Nc6 19. Nxd5 Qd7 20. Bf4 O-O-O 21. Bxh2 Nxd4 22. Nb6+ axb6 23. Qa3 Qc6 24. Rd1 Bxc5 25. Qd3 Nf5+ 26. Ke1 Rxd3 27. Rxd3 Bb4+ 28. Ke2 Qc2+ 0-1

[Event "*** Titled Tuesday Blitz"]
[Site "Chess.com"]
[Date "2019.04.02"]
[Round "3"]
[White "kikoveiga"]
[Black "SabinaFoisor"]
[Result "1-0"]
[WhiteElo "2187"]
[BlackElo "2186"]
[TimeControl "180+2"]
[EndTime "14:35:15 PDT"]
[Termination "kikoveiga won by resignation"]

1. e4 e5 2. Nf3 Nc6 3. Bb5 Nf6 4. O-O Nxe4 5. d4 Nd6 6. Bxc6 dxc6 7. dxe5 Nf5 8.
Qxd8+ Kxd8 9. Rd1+ Ke8 10. Nc3 Be7 11. h3 Be6 12. Ne4 h6 13. g4 Nh4 14. Nxh4 Bxh4 15. Nc5 Rb8 16. f4 Be7 17. Be3 Bxc5 18. Bxc5 b6 19. Be3 g6 20. Kf2 h5 21. Kg3 hxg4 22. hxg4 Rd8 23. Rxd8+ Kxd8 24. Rf1 Kc8 25. f5 gxf5 26.
gxf5 Bd5 27. b3 Rh1 28. Rxh1 Bxh1 29. Kf4 Kd7 30. Kg5 Ke7 31. c3 c5 32. Bf2 a5 33.
Bh4 c4 34. bxc4 c5 35. Kh6+ Ke8 36. Kg7 Be4 37. e6 fxe6 38. f6 Bd3 39. f7+ Kd7 40. f8=Q 1-0

[Event "*** Titled Tuesday Blitz"]
[Site "Chess.com"]
[Date "2019.04.02"]
[Round "3"]
[White "GameOverBro"]
[Black "Vrolijk"]
[Result "1/2-1/2"]
[WhiteElo "2509"]
[BlackElo "2847"]
[TimeControl "180+2"]
[EndTime "14:35:17 PDT"]
[Termination "Game drawn by agreement"]

1. e4 e5 2. Nf3 Nc6 3. Bb5 Nf6 4. O-O Nxe4 5. Re1 Nd6 6. Nxe5 Nxe5 7. Rxe5+ Be7 8. Bf1 O-O 9. d4 Bf6 10. Re2 Re8 11.
c3 Nf5 12. Bf4 Rxe2 13. Qxe2 c6 14. Nd2 d5 15. Re1 Bd7 16. Nf3 g6 17. h3 Ng7 18.
Ne5 Bf5 19. g4 Be6 20. Qd2 h5 21. f3 Bh4 22. Re2 Qf6 23. Bg2 Re8 24. a4 Bc8 25. a5 Ne6 26. Be3 Bg5 27. Bxg5 Nxg5 28. f4 Ne6 29. Rf2 hxg4 30. hxg4 Qh4 31. f5 Nf8 32.
fxg6 Nxg6 33. Nxf7 Kg7 34. Ne5 Nxe5 35. dxe5 Bxg4 36.
Qf4 1/2-1/2

[Event "*** Titled Tuesday Blitz"]
[Site "Chess.com"]
[Date "2019.04.02"]
[Round "3"]
[White "Lion_DL"]
[Black "Zq1"]
[Result "1-0"]
[WhiteElo "2467"]
[BlackElo "2521"]
[TimeControl "180+2"]
[EndTime "14:35:17 PDT"]
[Termination "Lion_DL won by resignation"]

1. e4 c5 2. Nf3 d6 3. Bb5+ Bd7 4. Bxd7+ Nxd7 5. O-O Ngf6 6. Qe2 g6 7. c3 Bg7 8. d4 O-O 9. e5 dxe5 10. dxe5 Ng4 11. e6 Nde5 12. Nxe5 Nxe5 13. Bf4 Qd3 14. Re1 Qxe2 15.
Rxe2 Nd3 16. exf7+ Rxf7 17. Be3 Rd8 18. Na3 Nxb2 19.
Rxb2 Bxc3 20. Rbb1 b6 21. Kf1 e5 22. Nb5 Bxa1 23.
Rxa1 Rfd7 24. Ke2 Kf7 25. a4 a6 26. Na3 Ke6 27. Rb1 b5 28. axb5 axb5 29. Rxb5 Rc7 30. Bxc5 Rd5 31. Rb6+ Kf7 32. Be3 e4 33. Nb5 Rc2+ 34.
Ke1 Kg8 35. g3 Rd3 36. Nd6 Ra3 37. Kf1 Ra1+ 38. Kg2 Ra3 39. Kh3 Kg7 40. Nxe4 h5 41.
Rb7+ Kg8 42. Nf6+ 1-0

[Event "*** Titled Tuesday Blitz"]
[Site "Chess.com"]
[Date "2019.04.02"]
[Round "3"]
[White "Micki-taryan"]
[Black "KhalilMousavi77"]
[Result "1-0"]
[WhiteElo "2959"]
[BlackElo "2728"]
[TimeControl "180+2"]
[EndTime "14:35:22 PDT"]
[Termination "Micki-taryan won by resignation"]

1. d4 d5 2. Nf3 Nf6 3. c4 e6 4. Nc3 Be7 5. Bg5 O-O 6. Qc2 Nbd7 7. O-O-O c6 8. e4 dxe4 9. Nxe4 Qa5 10. Nxf6+ Bxf6 11.
Bxf6 Nxf6 12. Kb1 c5 13. Bd3 b6 14. dxc5 bxc5 15. Ne5 Bb7 16. Rhe1 Rad8 17. g4 g6 18. g5 Nh5 19. Be4 Bxe4 20. Qxe4 Rd2 21. Nc6 Rxd1+ 22.
Rxd1 Qc7 23. h4 Qh2 24. Qe5 Qxe5 25. Nxe5 f6 26. gxf6 Nxf6 27. f3 Nh5 28. Rd7 Rf4 29. Rxa7 Rxh4 30. b4 Rh1+ 31. Kc2 Re1 32. Nd3 Re2+ 33.
Kd1 Re3 34. Kd2 Rxf3 35. b5 Nf4 36. Ne5 Rf1 37. b6 1-0

[Event "*** Titled Tuesday Blitz"]
[Site "Chess.com"]
[Date "2019.04.02"]
[Round "3"]
[White "Arystanner"]
[Black "Korchmar_Vasiliy"]
[Result "0-1"]
[WhiteElo "2552"]
[BlackElo "2764"]
[TimeControl "180+2"]
[EndTime "14:35:22 PDT"]
[Termination "Korchmar_Vasiliy won by resignation"]

1. e4 c5 2. Nf3 d6 3. d4 cxd4 4. Qxd4 Nf6 5. Bb5+ Nc6 6. Qd3 Bd7 7. c4 g6 8. Nc3 Bg7 9. h3 O-O 10. Be3 a6 11. Bxc6 Bxc6 12. Nd4 Rc8 13. O-O Nd7 14. Rac1 Qa5 15. Rfd1 Rfd8 16. Qb1 Qh5 17. b4 Ne5 18. b5 Bd7 19. Nd5 Re8 20. Nb6 Rcd8 21. f4 Bxh3 22. fxe5 Bg4 23. exd6 Rxd6 24. c5 Rdd8 25.
Nd5 Bxd1 26. Rxd1 e6 27. Nf4 Qxc5 28. Nf5 Rxd1+ 29. Qxd1 Qxb5 30. Nxg7 Kxg7 31. e5 Rc8 32. Qd6 Qb1+ 33. Kh2 Qe4 34. Nxe6+ Kg8 35. Bg5 Qf5 36. Nc5 Qxg5 37. e6 Qxc5 38. exf7+ Kxf7 39. Qd7+ Kg8 0-1

[Event "*** Titled Tuesday Blitz"]
[Site "Chess.com"]
[Date "2019.04.02"]
[Round "3"]
[White "Beawuids"]
[Black "olksuna"]
[Result "0-1"]
[WhiteElo "2354"]
[BlackElo "2508"]
[TimeControl "180+2"]
[EndTime "14:35:23 PDT"]
[Termination "olksuna won by resignation"]

1. e4 c5 2. Nf3 Nc6 3. d4 cxd4 4. Nxd4 Nf6 5. Nc3 e5 6. Ndb5 d6 7. Bg5 a6 8. Na3 b5 9. Bxf6 gxf6 10. Nd5 f5 11. Bd3 Be6 12. Nxb5 axb5 13. Bxb5 Rc8 14. c3 Be7 15. Qa4 Bd7 16. exf5 O-O 17. O-O Nb8 18.
Qg4+ Kh8 19. Bd3 Bf6 20. f4 Nc6 21. Rad1 exf4 22. Qxf4 Ne5 23. Be4 Rc4 24. b3 Bg5 25. bxc4 Bxf4 26. Rxf4 Rg8 27. f6 Rg4 28. Rxg4 Bxg4 29.
Ne7 Bxd1 0-1